 Dungeon Crawl Stone Soup version 0.21.1-1-g345015fe64 (webtiles) character file.

42 JarielCorvus the Magician (level 3, 0/19 HPs)
             Began as a Deep Elf Wizard on June 20, 2018.
             Slain by a jackal (1 damage)
             ... on level 2 of the Dungeon.
             The game lasted 00:04:35 (1415 turns).

JarielCorvus the Magician (Deep Elf Wizard)         Turns: 1415, Time: 00:04:36

Health: 0/19       AC:  2    Str:  5    XL:     3   Next: 33%
Magic:  5/12       EV: 13    Int: 22    God:
Gold:   17         SH:  0    Dex: 13    Spells: 8/13 levels left

rFire    . . .     SeeInvis .   l - +0 dagger
rCold    . . .     Gourm    +   (no shield)
rNeg     . . .     Faith    .   a - +0 robe
rPois    .         Spirit   .   b - +0 hat
rElec    .         Reflect  .   (no cloak)
rCorr    .         Harm     .   (no gloves)
MR       .....                  (no boots)
Stlth    ++........             j - amulet of the gourmand
HPRegen  0.06/turn              (no ring)
MPRegen  0.13/turn              (no ring)

@: no status effects
A: no striking features
a: no special abilities


You were on level 2 of the Dungeon.
You were not hungry.

You visited 1 branch of the dungeon, and saw 2 of its levels.

You collected 17 gold pieces.

Inventory:

Hand Weapons
 l - a +0 dagger (weapon)
Armour
 a - a +0 robe (worn)
 b - a +0 hat (worn)
Jewellery
 j - an amulet of the gourmand (around neck)
Scrolls
 f - a scroll of enchant armour {unknown}
 g - a scroll of random uselessness
 i - a scroll of identify
Potions
 e - a potion of lignification
 h - a potion of degeneration {unknown}
 k - a potion of curing {unknown}
Books
 c - a book of Minor Magic

   Spells                             Type                      Level
   a - Magic Dart                     Conjuration                  1
   b - Blink                          Translocation                2
   c - Call Imp                       Summoning                    2
   d - Slow                           Hexes                        2
   e - Conjure Flame                  Conjuration/Fire             3
   f - Mephitic Cloud                 Conjuration/Poison/Air       3
Comestibles
 d - a ration


   Skills:
 - Level 2.4 Dodging
 - Level 2.4 Stealth
 * Level 5.7 Spellcasting
 + Level 2.2 Conjurations
 - Level 1.1 Summonings
 - Level 1.1 Translocations


You had 8 spell levels left.
You knew the following spells:

 Your Spells              Type           Power        Failure   Level  Hunger
a - Magic Dart            Conj           ###.         3%          1    None
b - Blink                 Tloc           N/A          9%          2    None
c - Call Imp              Summ           ##......     9%          2    None


Dungeon Overview and Level Annotations

Branches:
Dungeon (2/15)

Altars:
Elyvilon


Message History

The jackal closely misses you. The jackal closely misses you.
The adder bites you but does no damage.
The jackal bites you but does no damage.
The jackal bites you.
* * * LOW HITPOINT WARNING * * *
The jackal barely misses you. The jackal closely misses you.
Found a scale mail.
The jackal closely misses you.
The jackal bites you but does no damage.
You see here a bat corpse.
The jackal closely misses you. The jackal bites you.
* * * LOW HITPOINT WARNING * * *
You see here a club.
The jackal bites you.
* * * LOW HITPOINT WARNING * * *
The jackal bites you.
You die...

♣♣♣ #......# #####♣♣ ♣♣♣.♣♣♣
♣♣.##.#..# ##.....♣♣ ♣♣.....♣♣
♣♣.........#
#.......♣♣♣.......♣♣♣.......#[..#
...≈≈≈...♣...≈≈≈...♣...≈≈≈......#
..≈≈≈≈≈.....≈≈≈≈≈..)..≈≈≈≈≈....##
..≈≈♣≈≈.....≈≈_≈≈.....≈≈♣≈≈....
..≈≈≈≈≈.....≈≈≈≈≈hS...≈≈≈≈≈..##
...≈≈≈...♣...≈≈≈@..♣...≈≈≈...#
#.......♣♣♣.......♣♣♣.......##
##.....♣♣ ♣♣.....♣♣ ♣♣.....#
######♣♣ ♣♣♣.♣♣♣ ♣##### # ♣♣♣ # #


You could see an adder and a jackal.

Vanquished Creatures
  An adder (D:2)
  2 dart slugs (D:2)
  3 leopard geckos
  6 hobgoblins
  3 jackals (D:2)
  2 kobolds (D:1)
  4 bats
  2 frilled lizards (D:2)
  A goblin (D:1)
24 creatures vanquished.

Vanquished Creatures (others)
  14 toadstools (D:1)
14 creatures vanquished.

Grand Total: 38 creatures vanquished

Notes
Turn   | Place    | Note
-------+----------+-------------------------------------------
     0 | D:1      | JarielCorvus the Deep Elf Wizard began the quest for the Orb.
     0 | D:1      | Reached XP level 1. HP: 10/10 MP: 7/7
   464 | D:1      | Reached XP level 2. HP: 15/15 MP: 6/9
   489 | D:1      | Learned a level 2 spell: Blink
   492 | D:1      | Learned a level 2 spell: Call Imp
   623 | D:1      | Reached skill level 5 in Spellcasting
  1329 | D:2      | Found a white marble altar of Elyvilon.
  1344 | D:2      | Reached XP level 3. HP: 19/19 MP: 8/11
  1415 | D:2      | Slain by a jackal

Skill      XL: |  1  2 |
---------------+-------+-----
Spellcasting   | 5 |  5.7
Conjurations   | 2 |  2.2
Dodging        | |  2.4
Stealth        | |  2.4
Summonings     | |  1.1
Translocations | |  1.1

Action                   || total
-------------------------++-------
 Cast: Magic Dart        ||    78
  Use: Scroll            ||     6
       Potion            ||     1
  Eat: Chunk             ||     4
Armor: Robe              ||     7
Dodge: Dodged            ||    27
